Map: 10000 Feet LE

Players

Keiser - Winner!

  • Race: Terran Terran
  • League: Master
  • Spawn Location: 5:00

Kimchi

  • Race: Terran Terran
  • League: Diamond
  • Spawn Location: 11:00

VOD

Have the link to the VOD?

Description

Time

  • Played on: April 23, 2026, 10:07 p.m.
  • Length: 7:52
Show
View Real Time Build Order
Export as new Build Order

Keiser Terran - Winner!

Build Orders:  

Get SALT Encoding   

  12  0:00  SCV  
  13  0:12  SCV  
  14  0:17  Supply Depot  
  14  0:24  SCV  
  15  0:38  SCV  
  15  0:40  Barracks  
  16  0:43  Refinery  
  16  0:50  SCV  
  17  1:03  SCV  
  18  1:15  SCV  
  19  1:26  Barracks Tech Lab  
  19  1:27  Orbital Command  
  19  1:40  Command Center  
  21  1:47  Marauder  
  21  1:53  SCV  
  22  1:58  Supply Depot  
  22  2:05  SCV  
  23  2:10  Concussive Shells  
  23  2:20  SCV, Marauder  
  26  2:25  Barracks  
  26  2:32  SCV  
  26  2:35  Barracks  
  27  2:41  Marine  
  28  2:44  SCV  
  29  2:52  Orbital Command  
  29  2:56  Stimpack, SCV  
  30  3:03  Marine  
  31  3:08  SCV  
  31  3:12  Barracks Reactor  
  32  3:18  SCV  
  33  3:20  SCV  
  33  3:21  Marine  
  33  3:22  Barracks Tech Lab  
  35  3:30  SCV, Supply Depot  
  35  3:32  SCV  
  35  3:34  Refinery  
  37  3:38  Marine  
  37  3:40  Combat Shield  
  38  3:41  Marine  
  38  3:42  SCV  
  38  3:44  SCV  
  38  3:46  Supply Depot  
  41  3:49  Marine x2  
  41  3:54  SCV  
  44  3:56  Marine, SCV  
  44  3:58  Refinery  
  44  3:59  Marine  
  47  4:06  Engineering Bay, SCV  
  47  4:07  Marine x2  
  47  4:09  SCV  
  51  4:14  Marine  
  52  4:17  Marine  
  52  4:18  SCV  
  52  4:20  Factory  
  52  4:21  SCV  
  55  4:25  Marine x2  
  55  4:28  Supply Depot  
  55  4:31  SCV  
  58  4:32  Marine, Terran Infantry Weapons Level 1  
  58  4:33  SCV  
  60  4:42  Marine  
  60  4:43  SCV  
  62  4:50  Marine, SCV  
  64  4:55  SCV  
  64  4:56  Supply Depot  
  64  4:57  Supply Depot  
  65  5:00  Marine x2  
  65  5:02  SCV  
  65  5:03  Marine  
  68  5:12  Factory Reactor  
  68  5:13  Starport  
  67  5:17  SCV  
  68  5:23  SCV  
  68  5:24  Barracks x2  
  68  5:25  Marine, Command Center  
  68  5:26  Marine  
  71  5:29  SCV, Marauder  
  71  5:33  Marauder  
  76  5:39  Supply Depot  
  76  5:41  SCV  
  76  5:42  Supply Depot, SCV  
  78  5:43  Marine  
  78  5:44  Marine  
  80  5:50  Marine  
  80  5:54  SCV x2  
  83  5:58  Medivac  
  83  6:01  Medivac  
  83  6:02  Supply Depot  
  87  6:05  Supply Depot  
  87  6:07  SCV  
  88  6:13  Barracks Tech Lab  
  88  6:14  Barracks Tech Lab, Marine  
  88  6:15  Marauder, Marine  
  88  6:16  Marauder, SCV  
  95  6:23  SCV  
  96  6:28  Medivac  
  96  6:31  Medivac  
  100  6:35  SCV x2  
  100  6:37  Marine x3, Marauder x2  
  100  6:38  Marauder  
  111  6:44  Orbital Command  
  112  6:47  SCV  
  112  6:49  Refinery x2  
  112  6:55  Marine  
  112  6:56  Marauder  
  112  6:59  Marauder  
  112  7:01  Medivac x2  
  121  7:06  SCV x2  
  123  7:14  SCV  
  124  7:18  Supply Depot x2  
  124  7:19  Supply Depot  
  116  7:22  Marine  
  116  7:23  Marauder  
  116  7:26  Marine, Marauder  
  116  7:27  Marine, Marauder  
  114  7:35  SCV  
  116  7:37  SCV  
  116  7:38  SCV  
  117  7:46  Armory, Engineering Bay  
Show
View Real Time Build Order
Export as new Build Order

Kimchi Terran 

Build Orders:  

Get SALT Encoding   

  12  0:02  SCV  
  13  0:14  SCV  
  13  0:18  Supply Depot  
  14  0:26  SCV  
  15  0:39  SCV  
  15  0:41  Barracks  
  16  0:45  Refinery  
  16  0:51  SCV  
  17  1:03  SCV  
  18  1:16  SCV  
  19  1:29  Orbital Command  
  19  1:33  Barracks Tech Lab  
  19  1:45  Command Center  
  19  1:53  Marauder  
  19  1:54  Concussive Shells  
  21  1:56  SCV  
  22  2:03  Supply Depot  
  21  2:16  Marauder  
  23  2:24  Barracks  
  23  2:25  SCV  
  24  2:32  Barracks  
  24  2:37  SCV, Combat Shield  
  24  2:41  Marine  
  26  2:49  SCV  
  27  2:57  Supply Depot  
  27  3:01  Orbital Command, SCV  
  28  3:09  Marine  
  29  3:13  Barracks Tech Lab  
  29  3:14  SCV  
  30  3:21  Barracks Reactor  
  30  3:26  SCV  
  32  3:27  SCV  
  32  3:33  Supply Depot  
  32  3:35  Stimpack  
  32  3:37  Marine x2  
  32  3:38  SCV  
  32  3:39  SCV  
  36  3:44  Refinery  
  36  3:51  SCV  
  36  3:54  Marine  
  36  3:55  Marine  
  39  3:57  Marine  
  39  3:59  Marine  
  41  4:03  SCV  
  42  4:12  Marine x2  
  42  4:15  Marine  
  45  4:21  SCV, Command Center  
  45  4:22  SCV  
  45  4:23  Factory  
  47  4:30  Marine x2  
  49  4:33  SCV  
  50  4:42  Marine x2  
  50  4:45  Supply Depot  
  52  4:46  SCV  
  52  4:47  Refinery  
  52  4:49  Marine  
  52  4:50  Marine, Refinery  
  55  4:57  Engineering Bay  
  55  4:58  SCV  
  55  4:59  SCV, Marine  
  55  5:00  Marine  
  53  5:07  Marine  
  46  5:14  SCV  
  46  5:16  Factory Reactor  
  46  5:19  Starport, SCV  
  48  5:24  Terran Infantry Weapons Level 1  
  48  5:26  Supply Depot, SCV  
  49  5:34  Marine x3, Marauder  
  54  5:38  SCV  
  55  5:50  SCV  
  55  5:52  Marine x2, Marauder  
  55  5:55  Marauder  
  62  6:02  Medivac  
  62  6:03  SCV, Medivac  
  67  6:07  SCV  
  67  6:09  Marine  
  67  6:10  Marine  
  70  6:14  Marauder  
  70  6:15  SCV  
  70  6:17  Marauder  
  75  6:19  SCV  
  75  6:23  Barracks  
  76  6:25  Barracks  
  76  6:27  SCV, Marine  
  76  6:28  Orbital Command  
  76  6:31  SCV  
  76  6:32  Medivac  
  81  6:33  Medivac, Marine  
  81  6:35  Marine  
  81  6:38  Marine  
  81  6:39  SCV, Engineering Bay  
  87  6:43  Armory, SCV  
  88  6:51  SCV  
  88  6:53  Supply Depot  
  89  6:55  Supply Depot  
  89  6:56  SCV  
  89  6:59  Armory  
  89  7:00  Marauder  
  92  7:01  Factory Tech Lab  
  92  7:03  SCV  
  93  7:13  Barracks Tech Lab  
  93  7:14  Marine x2, Viking x2, Barracks Reactor, SCV  
  93  7:15  SCV  
  101  7:16  Marine  
  101  7:20  Marine  
  72  7:32  Marine x3  
Tags
 
Matchup
TvT
Race
Terran
Spawn Locations
Cross Positions
Add a new tag
Caveats
  • Supply blocks, unpowered buildings, or Contaminate may cause inaccurate times.
  • Supply counts are checked every 10 seconds.